 Dungeon Crawl Stone Soup version 0.30-a0-586-g23e55c9e0a (webtiles) character file.

Game seed: 13225257997285993915

74 wormed the Trooper (level 4, -20/40 HPs)
             Began as a Ghoul Monk on Jan 4, 2023.
             Demolished by an ogre
             ... wielding a +0 giant spiked club
              (31 damage)
             ... on level 3 of the Dungeon.
             The game lasted 00:02:58 (1944 turns).

wormed the Trooper (Ghoul Monk)                     Turns: 1944, Time: 00:02:59

Health: -20/40     AC:  5    Str: 14    XL:     4   Next: 30%
Magic:  3/3        EV: 11    Int:  5    God:
Gold:   134        SH:  0    Dex: 13    Spells: 3/3 levels left

rFire   . . .      SeeInvis .    a - +1 falchion
rCold   + . .      Faith    .    (no shield)
rNeg    + + +      Spirit   .    s - +0 ring mail
rPois   ∞          Reflect  .    (no helmet)
rElec   .          Harm     .    (no cloak)
rCorr   .          Rampage  .    (no gloves)
Will    .....                    (no boots)
Stlth   +                        (no amulet)
HPRegen 0.00/turn                (no ring)
MPRegen 0.08/turn                (no ring)

@: inhibited regen
A: claws 1, cold resistance 1, negative energy resistance 3, inhibited
regeneration, torment resistance 2, devour on kill
a: no special abilities


You were on level 3 of the Dungeon.
You visited 1 branch of the dungeon, and saw 3 of its levels.

You collected 134 gold pieces.

Inventory:

Hand Weapons
 a - a +1 falchion (weapon)
Armour
 s - a +0 ring mail (worn)
Scrolls
 b - a scroll of vulnerability {unknown}
 e - 3 scrolls of identify
 r - a scroll of fear
Potions
 c - a potion of resistance
 d - 2 potions of mutation {unknown}
 f - a potion of lignification {unknown}
 i - a potion of flight {unknown}
 j - a potion of berserk rage {unknown}
 m - a potion of brilliance {unknown}
 n - a potion of might {unknown}
 q - a potion of invisibility {unknown}


   Skills:
 + Level 3.7 Fighting
 * Level 3.5 Long Blades
 + Level 1.0 Armour
 + Level 3.0 Dodging
 - Level 2.1 Stealth
 + Level 1.0 Shields


You had 3 spell levels left.
You didn't know any spells.
Your spell library was empty.

Dungeon Overview and Level Annotations

Branches:
Dungeon (3/15)

Altars:


Innate Abilities, Weirdness & Mutations

You are immune to poison.
You have sharp fingernails.
Your flesh is cold resistant. (rC+)
You are immune to negative energy. (rN+++)
You do not regenerate when monsters are visible.
You are immune to unholy pain and torment.
You thrive by killing the living.


Message History

Throw: 3 darts (poison)
Press: ? - help, Q - select action Shift-Dir - straight line, f - ogre
Aim: an ogre, wielding a +0 giant spiked club (73% to hit)
You throw a poisoned dart. The poisoned dart hits the ogre.
The ogre is poisoned.
Throw: 2 darts (poison)
Press: ? - help, Q - select action Shift-Dir - straight line, f/p - ogre
Aim: an ogre, wielding a +0 giant spiked club (lightly wounded, poisoned, 73% to hit)
You throw a poisoned dart. The poisoned dart hits the ogre.
The ogre looks even sicker.
The ogre is lightly wounded.
Throw: dart (poison)
Press: ? - help, Q - select action Shift-Dir - straight line, f/p - ogre
Aim: an ogre, wielding a +0 giant spiked club (lightly wounded, very poisoned, 73% to hit)
You throw a poisoned dart.
The poisoned dart barely misses the ogre.
You hit the ogre.
The ogre is moderately wounded.
The ogre hits you with a +0 giant spiked club!
You hit the ogre.
The ogre is heavily wounded.
The ogre barely misses you.
You barely miss the ogre.
The ogre is heavily wounded.
The ogre closely misses you.
You hit the ogre but do no damage.
The ogre is heavily wounded.
You hit the ogre but do no damage.
The ogre is heavily wounded.
The ogre closely misses you.
You barely miss the ogre.
The ogre is heavily wounded.
The ogre hits you with a +0 giant spiked club!!
Ouch! That really hurt!
* * * LOW HITPOINT WARNING * * *
You hit the ogre but do no damage.
The ogre is heavily wounded.
The ogre hits you with a +0 giant spiked club!!
Ouch! That really hurt!
You die...

.(. ..> #.# #(# #(# #
#.# .. #O# #.# #@#
...#############.#
#............†...#
......#######..........#
#.###.# #.########## #
#.# #.# ########### #.#
#.# #.........# #.# #.#
#.#######.# # ##.## #.#
#.# #.#


You could see an ogre (poisoned).

Vanquished Creatures
  An adder (D:3)
  2 dart slugs (D:2)
  7 ball pythons
  2 endoplasms (D:1)
  3 giant cockroaches
  3 goblins (D:1)
  7 hobgoblins
  5 jackals (D:1)
  A quokka (D:1)
  9 bats
  6 frilled lizards (D:2)
  7 kobolds
  5 rats
58 creatures vanquished.

Vanquished Creatures (others)
  8 plants (D:2)
8 creatures vanquished.

Grand Total: 66 creatures vanquished

Notes
Turn   | Place    | Note
-------+----------+-------------------------------------------
     0 | D:1      | wormed the Ghoul Monk began the quest for the Orb.
     0 | D:1      | Reached XP level 1. HP: 19/19 MP: 0/0
   104 | D:1      | Reached XP level 2. HP: 19/26 MP: 1/1
   318 | D:1      | Reached XP level 3. HP: 21/31 MP: 2/2
  1459 | D:2      | Reached XP level 4. HP: 33/40 MP: 3/3
  1511 | D:2      | Reached skill level 1 in Shields
  1673 | D:2      | Reached skill level 1 in Armour
  1933 | D:3      | Noticed an ogre
  1944 | D:3      | Demolished by an ogre

Illustrated notes

Levels and vault maps discovered:
D:1:      eino_arrival_cavern_d, layout_basic
D:2:      layout_loops_ring, minmay_lizard_king
D:3:      layout_loops_ring, kennysheep_generic_room_5, uniq_crazy_yiuf_cottage

Skill      XL: |  1  2  3  4 |
---------------+-------------+-----
Long Blades    | 3 |  3.5
Dodging        | 3 |  3.0
Shields        | 1 |  1.0
Armour         | 1 |  1.0
Fighting       | |  3.7
Stealth        | |  2.1

Action                   |  1- 3 |  4- 6 || total
-------------------------+-------+-------++-------
Melee: Falchion          |   151 |    34 ||   185
       Punch             |       |     1 ||     1
Throw: Dart              |       |     3 ||     3
  Use: Potion            |     1 |       ||     1
       Scroll            |       |     7 ||     7
 Stab: Sleeping          |     5 |       ||     5
Armor: Robe              |    36 |       ||    36
       Ring mail         |       |     6 ||     6
Dodge: Dodged            |   114 |    22 ||   136

Table legend: (Time is in decaauts)
 A = Elapsed time spent in this place.
 B = Non-inter-level travel time spent in this place.
 C = Inter-level travel time spent in this place.
 D = Time resting spent in this place.
 E = Time spent auto-exploring this place.
 F = Levels seen in this place.
 G = Mean time per level.
                   A        B        C        D        E       F      G
               +--------+--------+--------+--------+--------+-----+--------+
         Total |   1969 |   1928 |     41 |    100 |   1372 |   3 |  656.3 |
       Dungeon |   1969 |   1928 |     41 |    100 |   1372 |   3 |  656.3 |
               +--------+--------+--------+--------+--------+-----+--------+

Top non-repeatable levels by time:
     D:1: 991 daAuts
     D:2: 902 daAuts
     D:3: 75 daAuts
